 Dungeon Crawl Stone Soup version 0.18.1-47-g9310371 (webtiles) character file.

5527 Peloso the Blocker (level 10, -4/88 HPs)
             Began as a Minotaur Fighter on June 19, 2016.
             Was a Believer of Okawaru.
             Slain by Gastronok (23 damage)
             ... on level 9 of the Dungeon.
             The game lasted 00:21:35 (7849 turns).

Peloso the Blocker (Minotaur Fighter)               Turns: 7849, Time: 00:21:35

Health: -4/88      AC: 16    Str: 21    XL:     10   Next: 43%
Magic:  18/18      EV:  9    Int:  5    God:    Okawaru [**....]
Gold:   637        SH: 12    Dex: 13    Spells: 0 memorised, 9 levels left

rFire  + . .     SeeInvis .     C - +3 falchion (slice)
rCold  . . .     Gourm    .     I - +1 plate armour
rNeg   . . .     Faith    .     c - +0 shield
rPois  .         Spirit   .     (helmet restricted)
rElec  .         Dismiss  .     E - +0 cloak
rCorr  .         Reflect  .     (no gloves)
SustAt .         Harm     .     (no boots)
MR     .....                    (no amulet)
Stlth  ..........               p - +2 ring of evasion
                                K - ring of magical power

@: not resistant to hostile enchantments, extremely unstealthy
A: retaliatory headbutt, horns 2, fire resistance 1
a: Heroism, Renounce Religion


You were on level 9 of the Dungeon.
You worshipped Okawaru.
Okawaru was pleased with you.
You were near starving.

You visited 2 branches of the dungeon, and saw 10 of its levels.

You collected 637 gold pieces.

Inventory:

Hand Weapons
 a - a +0 long sword
 C - a +3 falchion of slicing (weapon)
 F - a +1 short sword of flaming
 L - the +1 mace "Baesic" {crush, rPois rC+ MR+}
   (You took it off an orc on level 7 of the Dungeon)

   It inflicts extra damage upon your enemies.
   It protects you from cold.
   It protects you from poison.
   It affects your resistance to hostile enchantments.
Armour
 c - a +0 shield (worn)
 E - a +0 cloak (worn)
 I - a +1 plate armour (worn)
Jewellery
 g - an uncursed ring of resist corrosion
 o - an uncursed ring of ice
 p - a +2 ring of evasion (right hand)
 K - a ring of magical power (left hand)
Wands
 b - a wand of random effects (38/48)
 n - a wand of disintegration (9/24)
 J - a wand of iceblast (13/15)
Scrolls
 h - 2 scrolls of teleportation
 i - a scroll of fear
 j - a scroll of blinking
 q - 5 scrolls of remove curse
 r - 2 scrolls of identify
 y - 2 scrolls of magic mapping
 D - 4 scrolls of amnesia
 G - a scroll of fog
Potions
 d - a potion of agility
 e - a potion of haste
 m - a potion of cancellation
 t - a potion of flight
 w - a potion of resistance {unknown}
 z - 2 potions of curing {unknown}
 A - a potion of brilliance {unknown}
 B - 5 potions of heal wounds {unknown}
Comestibles
 f - 7 bread rations
 l - 6 beef jerkies
 s - 5 fruits
 u - 3 meat rations


   Skills:
 + Level 8.0 Fighting
 + Level 9.6 Long Blades
 + Level 0.8 Maces & Flails
 + Level 9.9 Armour
 + Level 4.5 Dodging
 + Level 1.1 Stealth
 + Level 10.3 Shields
 + Level 0.4 Invocations


You had 9 spell levels left.
You didn't know any spells.

Dungeon Overview and Level Annotations

Branches:
Dungeon (9/15)             Temple (1/1) D:6
   Lair: D:8-11         Orc: D:9-12

Altars:
Ashenzari
Cheibriados
Dithmenos
Elyvilon
Fedhas
Gozag
Kikubaaqudgha
Makhleb
Nemelex Xobeh
Okawaru
Pakellas
Qazlal
Ru
Sif Muna
Trog
Vehumet
Xom
Yredelemnul
Zin
The Shining One

Shops:
D:4 [   D:6 (   D:9 (

Annotations:
D:9 Gastronok


Innate Abilities, Weirdness & Mutations

You reflexively headbutt those who attack you in melee.
You have a pair of horns on your head.
Your flesh is heat resistant.


Message History

* * * LOW HITPOINT WARNING * * *
You slash Gastronok! You headbutt Gastronok.
Gastronok is lightly wounded.
A crimson imp comes into view.
You slice Gastronok!! You headbutt Gastronok.
Gastronok is moderately wounded.
Gastronok mumbles some strange words.
You hit Gastronok. You headbutt Gastronok.
Gastronok is moderately wounded.
You block the bat's attack.
The crimson imp blinks!
You hit Gastronok. You headbutt Gastronok.
Gastronok is heavily wounded.
The bat hits you but does no damage.
Unknown command.
You hit Gastronok.
Gastronok is heavily wounded.
You feel sick.
You are no longer poisoned.
The bat hits you but does no damage. Gastronok bites you!!
You die...

*,*,,,,,,,,,,,,,,,,,* *, ***
*,*,#.##***********,* ***, ,,*
*,*,#.#.###********+*****,,,
,,****,*,#......##,,,,,,,,,,**,,,
,,,,,,,,,#.......#,,,,,,,,,,**,,,
,,,,,,,,,...?.$..+,,,,,,,,,,**,,,
,,,,,,,,,........##+#**,,,,.,,,**
,,,,,,,,,.......w##.# *,,...,,,**
,,,,,,,,,...5.b.@##)###.....,,,,,
,,,,,,,,,....................,,,,
,,,,***,,..###...##.###.....#*,,,
**,,,,,,,,,*##...##.###.....##,,,
,,,,,,,,,,,,..........+......##**
**,,,,,,,,,##.........#.......* *
**,,,,,,,,,*#.........#.....#,* *
,,,,***,,,,*#.........#.....#,***
**,,,**,,,,*###.#.....'.....#,,,,


You could see Gastronok, a crimson imp and a bat.

Vanquished Creatures
  The ghost of Vincendra the Grappler, a novice TrBe of Trog (D:8)
  Pikel (D:5)
  The ghost of Vincendra the Ruffian, a novice TrBe of Trog (D:5)
  An orc warrior (D:5)
  Prince Ribbit (D:7)
  Eustachio (D:4)
  A wyvern (D:9)
  A hippogriff (D:8)
  An ice beast (D:9)
  A slave (D:5)
  A sky beast (D:7)
  A wasp (D:8)
  3 ogres
  A centaur (D:6)
  A big kobold (D:9)
  2 giant frogs
  2 scorpions
  16 killer bees
  A howler monkey (D:4)
  5 wights (D:8)
  2 crimson imps
  2 hounds
  7 orc priests
  2 giant frog skeletons
  6 orc wizards
  Crazy Yiuf (D:4)
  A gnoll shaman (D:4)
  An iguana (D:5)
  Natasha (thrice) (D:3)
  15 worker ants
  A hound skeleton (D:6)
  A worker ant zombie (D:8)
  4 gnolls
  A howler monkey zombie (D:6)
  9 adders
  2 shadow imps (D:6)
  2 oozes
  2 adder zombies (D:5)
  3 adder skeletons
  5 worms
  2 dart slugs
  3 giant geckos
  27 orcs
  A ball python (D:2)
  11 giant cockroaches
  7 hobgoblins
  8 jackals
  4 quokkas
  6 bats
  A giant gecko skeleton (D:4)
  A giant gecko zombie (D:5)
  3 giant newts
  5 goblins
  14 kobolds
  5 rats
211 creatures vanquished.

Vanquished Creatures (others)
  3 slaves (D:5)
  An orc wizard (D:3)
  2 gnolls (D:5)
  An orc (D:5)
  2 jackals (D:5)
  A fungus (D:4)
10 creatures vanquished.

Grand Total: 221 creatures vanquished

Notes
Turn   | Place    | Note
--------------------------------------------------------------
     0 | D:1      | Peloso the Minotaur Fighter began the quest for the Orb.
     0 | D:1      | Reached XP level 1. HP: 19/19 MP: 0/0
   122 | D:1      | Found a shattered altar of Ashenzari.
   275 | D:1      | Reached XP level 2. HP: 19/27 MP: 1/1
   788 | D:2      | Reached skill level 4 in Shields
   788 | D:2      | Reached XP level 3. HP: 24/33 MP: 2/2
  1135 | D:2      | Reached XP level 4. HP: 41/41 MP: 3/3
  1270 | D:2      | Reached skill level 1 in Dodging
  1410 | D:2      | Found a sparkling altar of Nemelex Xobeh.
  1534 | D:3      | Found a faded altar to an unknown god.
  1655 | D:3      | Noticed Natasha
  1664 | D:3      | Killed Natasha
  1688 | D:3      | Reached XP level 5. HP: 32/47 MP: 4/4
  1912 | D:3      | Noticed Natasha
  1920 | D:3      | Killed Natasha
  2155 | D:3      | Noticed Natasha
  2162 | D:3      | Killed Natasha
  2363 | D:3      | Found a radiant altar of Vehumet.
  2494 | D:4      | Reached skill level 5 in Shields
  2700 | D:4      | Found Nuen Gyth's Armour Boutique.
  2792 | D:4      | Reached skill level 5 in Fighting
  2792 | D:4      | Reached skill level 5 in Armour
  2792 | D:4      | Reached XP level 6. HP: 5/56 MP: 5/5
  3477 | D:4      | Noticed Eustachio
  3602 | D:4      | Killed Eustachio
  3602 | D:4      | Reached XP level 7. HP: 61/61 MP: 6/6
  4142 | D:4      | Noticed Crazy Yiuf
  4148 | D:4      | Killed Crazy Yiuf
  4177 | D:5      | Entered Level 5 of the Dungeon
  4213 | D:5      | Noticed Pikel
  4227 | D:5      | Reached skill level 5 in Long Blades
  4253 | D:5      | Reached skill level 6 in Shields
  4263 | D:5      | Killed Pikel
  4263 | D:5      | Reached XP level 8. HP: 33/70 MP: 7/7
  4477 | D:5      | Noticed Vincendra's ghost (novice TrBe)
  4492 | D:5      | Killed Vincendra's ghost
  4492 | D:5      | Reached skill level 7 in Shields
  4538 | D:5      | Found a deep blue altar of Sif Muna.
  4538 | D:5      | Found a blossoming altar of Fedhas.
  4564 | D:5      | Found an oddly glowing altar of Pakellas.
  4564 | D:5      | Found a bloodstained altar of Trog.
  4566 | D:5      | Found a burning altar of Makhleb.
  4644 | D:5      | Found an ancient bone altar of Kikubaaqudgha.
  5017 | D:5      | Killed an orc warrior
  5017 | D:5      | Reached skill level 1 in Stealth
  5017 | D:5      | Reached XP level 9. HP: 24/78 MP: 8/8
  5129 | D:5      | Reached skill level 8 in Shields
  5339 | D:6      | Found a staircase to the Ecumenical Temple.
  5367 | Temple   | Entered the Ecumenical Temple
  5407 | Temple   | Became a worshipper of Warmaster Okawaru
  5610 | D:6      | Found Vevegiu's Antique Weapon Boutique.
  6061 | D:7      | Got a shimmering mace {crush}
  6140 | D:7      | Noticed Prince Ribbit
  6141 | D:7      | Identified the cursed +1 mace "Baesic" {crush, rPois rC+ MR+} (You took it off an orc on level 7 of the Dungeon)
  6156 | D:7      | Killed Prince Ribbit
  6156 | D:7      | Reached * piety under Okawaru
  6156 | D:7      | Reached skill level 9 in Shields
  6185 | D:7      | Gained mutation: Your flesh is heat resistant. [potion of beneficial mutation]
  6557 | D:8      | Noticed Vincendra's ghost (novice TrBe)
  6577 | D:8      | Killed Vincendra's ghost
  6577 | D:8      | Reached ** piety under Okawaru
  6577 | D:8      | Reached XP level 10. HP: 15/88 MP: 9/9
  7281 | D:9      | Reached skill level 10 in Shields
  7353 | D:9      | Found a snail-covered altar of Cheibriados.
  7392 | D:9      | Found Beuddure's Weapon Emporium.
  7841 | D:9      | Noticed Gastronok
  7849 | D:9      | Slain by Gastronok

Skill      XL: |  1  2  3  4  5  6  7  8  9 10 |
---------------+-------------------------------+-----
Fighting       | 4 5 6 7 8 |  8.0
Shields        | 4 5 6 7 9 10 | 10.3
Armour         | 4 5 6 7 8 9 |  9.9
Long Blades    | 3 4 6 7 9 |  9.6
Dodging        | 1 2 3 4 |  4.5
Stealth        | 1 |  1.1
Maces & Flails | |  0.8
Invocations    | |  0.4

Action                   |  1- 3 |  4- 6 |  7- 9 | 10-12 || total
-------------------------+-------+-------+-------+-------++-------
Melee: Long sword        |    81 |   208 |       |       ||   289
       Headbutt          |    17 |    38 |    69 |    35 ||   159
       Falchion          |       |       |   331 |   154 ||   485
       Mace              |       |       |     9 |       ||     9
Invok: Heroism           |       |       |       |     1 ||     1
Evoke: Wand              |       |       |     1 |       ||     1
  Use: Potion            |       |       |     3 |       ||     3
       Scroll            |       |       |    14 |     7 ||    21
  Eat: Chunk             |     1 |     7 |     9 |     3 ||    20
       Beef jerky        |       |       |       |     1 ||     1
Armor: Scale mail        |    15 |       |       |       ||    15
       Chain mail        |    33 |   128 |    50 |       ||   211
       Plate armour      |       |       |   113 |    74 ||   187
Dodge: Dodged            |    21 |    43 |    58 |    58 ||   180
Block: Shield            |    57 |    99 |   184 |   113 ||   453
